 Dungeon Crawl Stone Soup version 0.29.0-13-gc9e81de378 (webtiles) character file.

Game seed: 2324492316691182176

36 leavemydog the Conjurer (level 3, -5/19 HPs)
             Began as a Deep Elf Conjurer on Sept 8, 2022.
             Killed by nerve-wracking pain
             ... invoked by Grinder
              (10 damage)
             ... on level 3 of the Dungeon.
             The game lasted 00:01:29 (1590 turns).

leavemydog the Conjurer (Deep Elf Conjurer)         Turns: 1590, Time: 00:01:29

Health: -5/19      AC:  2    Str:  4    XL:     3   Next: 19%
Magic:  3/9        EV: 12    Int: 24    God:
Gold:   105        SH:  0    Dex: 13    Spells: 5/8 levels left

rFire   . . .      SeeInvis +   c - +1 dagger (elec)
rCold   . . .      Faith    .   (no shield)
rNeg    . . .      Spirit   .   a - +0 robe
rPois   .          Reflect  .   (no helmet)
rElec   .          Harm     .   (no cloak)
rCorr   .          Rampage  .   (no gloves)
Will    .....                   (no boots)
Stlth   ++........              (no amulet)
HPRegen 0.06/turn               e - ring of see invisible
MPRegen 0.11/turn               (no ring)

@: no status effects
A: no striking features
a: no special abilities


You were on level 3 of the Dungeon.
You visited 1 branch of the dungeon, and saw 3 of its levels.

You collected 105 gold pieces.

Inventory:

Hand Weapons
 c - a +1 dagger of electrocution (weapon)
Armour
 a - a +0 robe (worn)
Jewellery
 e - a ring of see invisible (left hand)
 h - a ring of ice
Wands
 n - a wand of acid (9)
Scrolls
 d - a scroll of enchant weapon {unknown}
 f - 2 scrolls of identify {unknown}
 g - 2 scrolls of blinking {unknown}
 j - 2 scrolls of noise {unknown}
 k - a scroll of torment {unknown}
 l - a scroll of teleportation {unknown}
 m - a scroll of silence {unknown}
Potions
 b - 2 potions of magic
 i - 2 potions of curing {unknown}
 o - 2 potions of might {unknown}
 p - a potion of lignification {unknown}


   Skills:
 - Level 2.4 Dodging
 - Level 2.4 Stealth
 + Level 3.3 Spellcasting
 + Level 5.4 Conjurations


You had 5 spell levels left.
You knew the following spells:

 Your Spells              Type           Power      Damage    Failure   Level
a - Magic Dart            Conj           100%       1d8       1%          1
b - Searing Ray           Conj           60%        2d6       1%          2

Your spell library contained the following spells:

 Spells                   Type           Power      Damage    Failure   Level
 Dazzling Flash           Conj/Hex       34%        N/A       11%         3
 Fulminant Prism          Conj/Hex       8%         3d7       34%         4
 Iskenderun's Mystic Bla  Conj/Tloc      17%        2d5       34%         4


Dungeon Overview and Level Annotations

Branches:
Dungeon (3/15)

Altars:

Annotations:
D:3 Grinder


Message History

There is an escape hatch in the floor here.
You see here 3 stones.
Found a club.
You now have 105 gold pieces (gained 3).
Done exploring.
Done exploring.
(D) Dungeon
Where to? (Enter - D:2, ? - help)
There is a stone staircase leading down here.
You climb downwards.
Found a dagger.
There is a stone staircase leading up here.
Grinder is nearby!
Okay, then.
The magic dart hits Grinder!
Grinder is lightly wounded.
Grinder blinks!
Casting: Magic Dart (safe; 1% risk of failure)
Confirm with . or Enter, or press ? or * to list all spells.
Aiming: Searing Ray (safe; 1% risk of failure)
Press: ? - help, Shift-Dir - straight line, f/p - Grinder
Aim: Grinder (lightly wounded, 77% to hit)
The searing ray hits Grinder!
Grinder is moderately wounded. (Press . to maintain the ray.) Grinder says, "Mostly I couldn't keep them alive."
Grinder hits you.
The searing ray hits Grinder.
Grinder is heavily wounded.
Grinder hits you.
You writhe in agony.
* * * LOW HITPOINT WARNING * * *
The searing ray misses Grinder.
Grinder says, "Wait up."
Grinder misses you.
The searing ray misses Grinder.
You finish channelling your searing ray.
Grinder gestures at you. Pain shoots through your body!
Ouch! That really hurt!
You die...

#.. ... #.. ..#
# #...# .#
#######.#.#..##
)..............
#@# #5# #.# #.#
#.# ..# ..# #.#


You could see Grinder.

Vanquished Creatures
  A dart slug (D:1)
  3 ball pythons
  5 bats (D:1)
  2 giant cockroaches (D:2)
  4 goblins
  5 hobgoblins
  2 jackals (D:1)
  2 kobolds
  2 quokkas
  A frilled lizard (D:2)
  3 rats
30 creatures vanquished.

Notes
Turn   | Place    | Note
-------+----------+-------------------------------------------
     0 | D:1      | leavemydog the Deep Elf Conjurer began the quest for the
                  | Orb.
     0 | D:1      | Reached XP level 1. HP: 10/10 MP: 6/6
   169 | D:1      | Reached XP level 2. HP: 15/15 MP: 4/8
   172 | D:1      | Learned a level 2 spell: Searing Ray
   348 | D:1      | Reached skill level 5 in Conjurations
   898 | D:2      | Found a faded altar of an unknown god.
  1115 | D:2      | Reached XP level 3. HP: 19/19 MP: 6/9
  1585 | D:3      | Noticed Grinder
  1590 | D:3      | Killed from afar by Grinder

Illustrated notes

Levels and vault maps discovered:
D:1:      dpeg_arrival_windows_large_door, layout_rooms, minmay_door_square
D:2:      layout_loops_ring, basic_ecumenical_altar
D:3:      layout_loops_ring, nicolae_overflow_hidden_temple,
          nzn_wu_jian_contemplation, amcnicky_altar_gilded,
          ashenzari_conservatory_becter, uniq_grinder

Skill      XL: |  1  2 |
---------------+-------+-----
Conjurations   | 5 |  5.4
Dodging        | |  2.4
Stealth        | |  2.4
Spellcasting   | |  3.3

Action                   || total
-------------------------++-------
 Cast: Magic Dart        ||    58
       Searing Ray       ||     1
Armor: Robe              ||     1
Dodge: Dodged            ||     4
